 Dungeon Crawl Stone Soup version 0.17.0-26-gececa24 (webtiles) character file.

497 Raultor the Changer (level 7, -1/43 HPs)
             Began as an Octopode Transmuter on Nov 19, 2015.
             Was an Initiate of Cheibriados.
             Slain by a centaur (4 damage)
             ... on level 6 of the Dungeon.
             The game lasted 00:09:42 (4240 turns).

Raultor the Changer (Octopode Transmuter)           Turns: 4240, Time: 00:09:43

Health: -1/43      AC:  1    Str: 11    XL:     7   Next: 15%
Magic:  0/10       EV: 12    Int: 17    God:    Cheibriados [......]
Gold:   144        SH:  0    Dex: 14    Spells: 3 memorised, 2 levels left

rFire  . . .     SeeInvis .       - Unarmed
rCold  + . .     Clarity  .     (no shield)
rNeg   + . .     SustAt   .     (helmet restricted)
rPois  .         Gourm    .     e - amulet of guardian spirit
rElec  .         Spirit   +     f - ring of flight
rCorr  .         Warding  .     m - ring of positive energy
rMut   .         Stasis   .     n - ring of protection from cold
MR     .....                    (no ring)
Stlth  ++........               (no ring)
                                (no ring)
                                (no ring)
                                (no ring)

@: very slow, not resistant to hostile enchantments, unstealthy
A: almost no armour, amphibious, 8 rings, constrict 8, camouflage 1, gelatinous
body 1
a: Bend Time, Renounce Religion, Evoke Flight


You were on level 6 of the Dungeon.
You worshipped Cheibriados.
Cheibriados was noncommittal.
You were not hungry.

You visited 2 branches of the dungeon, and saw 7 of its levels.

You collected 144 gold pieces.

Inventory:

Missiles
 a - 12 arrows
 d - 101 stones (quivered)
 t - a throwing net
Jewellery
 e - an amulet of guardian spirit (around mantle)
 f - a ring of flight (left tentacle)
 m - a ring of positive energy (right tentacle)
 n - a ring of protection from cold (on tentacle)
Scrolls
 g - 2 scrolls of immolation {unknown}
 h - 6 scrolls of identify {unknown}
 k - a scroll of magic mapping {unknown}
 l - a scroll of teleportation {unknown}
 p - 4 scrolls of remove curse {unknown}
 s - 2 scrolls of fog {unknown}
Potions
 i - a potion of agility
 j - a potion of haste {unknown}
 q - a potion of cure mutation {unknown}
 r - a potion of berserk rage {unknown}
 u - 2 potions of curing {unknown}
Books
 b - a book of Changes

   Spells                             Type                      Level
   a - Beastly Appendage              Transmutation                1
   b - Sticks to Snakes               Transmutation                2
   c - Spider Form                    Transmutation/Poison         3
   d - Ice Form                       Ice/Transmutation            4
   e - Blade Hands                    Transmutation                5
Comestibles
 c - 2 bread rations
 o - a beef jerky
 v - a meat ration
 w - a chunk of flesh


   Skills:
 - Level 1.0 Fighting
 - Level 2.0 Dodging
 - Level 3.0 Unarmed Combat
 - Level 2.0 Spellcasting
 + Level 6.6 Transmutations
 + Level 3.3 Ice Magic


You had 2 spell levels left.
You knew the following spells:

 Your Spells              Type           Power        Failure   Level  Hunger
a - Beastly Appendage     Trmt           ###...       1%          1    #......
b - Spider Form           Trmt/Pois      ##........   17%         3    ###....
c - Ice Form              Ice/Trmt       ###.....     30%         4    #####..


Dungeon Overview and Level Annotations

Branches:
Dungeon (6/15)             Temple (1/1) D:6

Altars:
Ashenzari
Cheibriados
Dithmenos
Elyvilon
Fedhas
Kikubaaqudgha
Makhleb
Nemelex Xobeh
Qazlal
Ru
Trog
Yredelemnul
Zin
The Shining One

Annotations:
D:3 Uberwunderbarhen's ghost, weakling OpFi
D:5 bsdbeard's ghost, novice HuSu


Innate Abilities, Weirdness & Mutations

You cannot wear most types of armour.
You are amphibious.
You can wear up to eight rings at the same time.
You can use your tentacles to constrict eight enemies at once.
Your skin changes colour to match your surroundings (Stealth).
Your rubbery body absorbs attacks (AC +1).


Message History

You barely miss the centaur. Your squeeze misses the centaur.
The centaur is heavily wounded.
The centaur hits you.
* * * LOW HITPOINT WARNING * * *
You barely miss the centaur. You squeeze the centaur.
The centaur is heavily wounded.
The centaur closely misses you.
You tentacle-slap the centaur but do no damage.
The centaur is heavily wounded.
The centaur hits you.
* * * LOW HITPOINT WARNING * * *
The centaur closely misses you.
You tentacle-slap the centaur.
Your tentacle-slap misses the centaur.
The centaur is heavily wounded.
The centaur hits you but does no damage.
You tentacle-slap the centaur.
You squeeze the centaur, but do no damage.
The centaur is severely wounded.
The centaur hits you.
You die...

##.....##.....### #
########...### #. #...#
#. #...# ### #.### #...#
.. ....#...### #...# .#
#.......######...#####.#
#.#.>.#.................
##...@................
#..##.c...............
#.. #.####............
#.. #.# #.#.<..#...#.
... ..# #.#.....#.#..
##..#### #........>...
#.. ###.)##...#.#.)
#.)..##..#...#.
#.##.##........


You could see a centaur.

Vanquished Creatures
  A giant frog (D:6)
  A scorpion (D:4)
  A giant frog zombie (D:5)
  A hound (D:2)
  2 orc wizards (D:4)
  An iguana (D:6)
  3 worker ants
  4 gnolls (D:6)
  5 adders
  An ooze (D:2)
  2 worms
  3 giant geckos
  9 orcs
  10 bats
  6 goblins
  6 hobgoblins
  A quokka (D:2)
  A ball python (D:4)
  A giant gecko skeleton (D:3)
  8 giant newts
  6 kobolds
  6 rats
79 creatures vanquished.

Notes
Turn   | Place    | Note
--------------------------------------------------------------
     0 | D:1      | Raultor the Octopode Transmuter began the quest for the Orb.
     0 | D:1      | Reached XP level 1. HP: 13/13 MP: 3/3
    45 | D:1      | Reached XP level 2. HP: 15/18 MP: 5/5
   701 | D:2      | Reached XP level 3. HP: 12/23 MP: 4/6
  1063 | D:2      | Learned a level 3 spell: Spider Form
  1267 | D:2      | Reached skill level 4 in Transmutations
  1351 | D:2      | Reached XP level 4. HP: 24/28 MP: 4/7
  1422 | D:2      | Found a stormy altar of Qazlal.
  1930 | D:3      | Noticed an ice beast
  1949 | D:3      | Noticed Uberwunderbarhen's ghost (weakling OpFi)
  2237 | D:3      | Reached skill level 5 in Transmutations
  2237 | D:3      | Reached XP level 5. HP: 15/33 MP: 5/8
  2558 | D:4      | Found a sacrificial altar of Ru.
  2650 | D:4      | Learned a level 4 spell: Ice Form
  2907 | D:4      | Reached skill level 1 in Ice Magic
  3083 | D:4      | Reached XP level 6. HP: 25/38 MP: 7/9
  3320 | D:4      | Reached skill level 6 in Transmutations
  3518 | D:5      | Entered Level 5 of the Dungeon
  3519 | D:5      | Found a sacrificial altar of Ru.
  3614 | D:5      | Noticed bsdbeard's ghost (novice HuSu)
  3655 | D:6      | Found a staircase to the Ecumenical Temple.
  3960 | Temple   | Entered the Ecumenical Temple
  4054 | Temple   | Became a worshipper of Cheibriados the Contemplative
  4161 | D:6      | Reached XP level 7. HP: 37/43 MP: 8/10
  4240 | D:6      | Slain by a centaur

Action                   |  1- 3 |  4- 6 |  7- 9 || total
-------------------------+-------+-------+-------++-------
Melee: Unarmed           |    78 |   158 |    16 ||   252
Throw: Stone             |       |     2 |       ||     2
 Cast: Spider Form       |       |     4 |       ||     4
  Use: Potion            |       |     2 |       ||     2
 Stab: Sleeping          |     5 |     4 |       ||     9
  Eat: Chunk             |     1 |     9 |     1 ||    11
